 Dungeon Crawl Stone Soup version 0.18.1-48-g4cf74bf (console) character file.

176393 Kloppie the Warrior (level 17, -8/231 HPs)
             Began as a Merfolk Berserker on Sept 4, 2016.
             Was the Champion of Trog.
             Mangled by baghtru's ghost (33 damage)
             ... in an ice cave on Sept 5, 2016.
             The game lasted 01:03:49 (31970 turns).

Kloppie the Warrior (Merfolk Berserker)            Turns: 31970, Time: 01:03:49

Health: -8/231     AC: 16    Str: 29    XL:     17   Next: 83%
Magic:  17/17      EV: 23    Int:  8    God:    Trog [******]
Gold:   1326       SH: 11    Dex: 18    Spells: 0 memorised, 16 levels left

rFire  + + +     SeeInvis +     a - +5 demon trident (drain)
rCold  + . .     Gourm    .     y - +1 scale mail "Zaptaus" {rF+ Regen+ Int+2 Dex-2}
rNeg   + + +     Faith    .     T - +0 buckler {rC+}
rPois  +         Spirit   .     A - +1 helmet {SInv}
rElec  .         Dismiss  .     t - +0 cloak of the Gods {*Contam rF++ Regen+ Dex+4} (curse)
rCorr  .         Reflect  +     v - +0 pair of gloves {archery}
SustAt .         Harm     .     w - +0 pair of boots
MR     ++++.                    m - +3 amulet of reflection
Stlth  ..........               d - ring of Conversion {rPois rN+++ Str+6 Dex-4 Stlth+}
                                e - ring of protection from magic

@: berserking, regenerating, very quick, incredibly resistant to hostile
enchantments, extremely unstealthy
A: change form in water, swift swim
a: Berserk, Trog's Hand, Brothers in Arms, Burn Spellbooks, Renounce Religion
}: 1/15 runes: barnacled


You were in an ice cave.
You worshipped Trog.
Trog was exalted by your worship.
You were not hungry.

You visited 5 branches of the dungeon, and saw 30 of its levels.
You also visited: Labyrinth, Sewer, Bailey and Ice Cave.

You collected 3617 gold pieces.
You spent 2291 gold pieces at shops.

Inventory:

Hand Weapons
 a - a +5 demon trident of draining (weapon)
 C - a +1 antimagic demon trident
Armour
 t - the cursed +0 cloak of the Gods (worn) {*Contam rF++ Regen+ Dex+4}
   (You bought it in a shop on level 2 of the Orcish Mines)

   It affects your dexterity (+4).
   It greatly protects you from fire.
   It causes magical contamination when unequipped.
   It increases your rate of regeneration.
   It has a curse placed upon it.
 v - a +0 pair of gloves of archery (worn)
 w - a +0 pair of boots (worn)
 y - the +1 scale mail "Zaptaus" (worn) {rF+ Regen+ Int+2 Dex-2}
   (You bought it in a shop on level 8 of the Dungeon)

   It affects your intelligence (+2).
   It affects your dexterity (-2).
   It protects you from fire.
   It increases your rate of regeneration.
 A - a +1 helmet of see invisible (worn)
 Q - a +0 large shield
 T - a +0 buckler of cold resistance (worn)
Jewellery
 d - the ring of Conversion (right hand) {rPois rN+++ Str+6 Dex-4 Stlth+}
   (You bought it in a shop on level 2 of the Orcish Mines)

   [ring of strength]

   It affects your strength (+6).
   It affects your dexterity (-4).
   It protects you from poison.
   It renders you almost immune to negative energy.
   It makes you more stealthy.
 e - a ring of protection from magic (left hand)
 m - a +3 amulet of reflection (around neck)
 R - an uncursed ring of resist corrosion
 U - an uncursed ring of ice
Wands
 E - a wand of acid (8/15)
 I - a wand of disintegration (14/24)
 S - a wand of polymorph (10/24)
Scrolls
 g - 18 scrolls of remove curse
 h - 3 scrolls of fear
 p - 4 scrolls of identify
 s - a scroll of blinking
 x - 2 scrolls of summoning
 B - 4 scrolls of enchant armour
 H - a scroll of magic mapping
 K - 2 scrolls of fog
 L - 3 scrolls of recharging
 M - 2 scrolls of teleportation
Potions
 b - 3 potions of might
 f - 7 potions of heal wounds
 n - 3 potions of invisibility
 o - 13 potions of curing
 u - a potion of haste
 D - a potion of flight
 G - 2 potions of cure mutation
 J - a potion of cancellation
Books
 i - a book of Minor Magic

   Spells                             Type                      Level
   a - Magic Dart                     Conjuration                  1
   b - Blink                          Translocation                2
   c - Call Imp                       Summoning                    2
   d - Repel Missiles                 Charms/Air                   2
   e - Slow                           Hexes                        2
   f - Conjure Flame                  Conjuration/Fire             3
   g - Mephitic Cloud                 Conjuration/Poison/Air       3
   Trog disapproves of the use of such an item.
Comestibles
 c - 18 bread rations
 k - 6 royal jellies
 l - 13 beef jerkies
 r - 9 meat rations
 z - 2 slices of pizza


   Skills:
 + Level 19.7 Fighting
 - Level 17.1 Polearms
 - Level 10.3 Armour
 - Level 16.8 Dodging
 + Level 12.1 Shields


You had 16 spell levels left.
You didn't know any spells.

Dungeon Overview and Level Annotations

Branches:
Dungeon (15/15)            Temple (0/1) D:6            Lair (8/8) D:10
 Shoals (4/4) Lair:3       Spider (1/4) Lair:6        Slime (0/6) Lair:8
    Orc (2/2) D:9             Elf (0/3) Orc:2        Vaults (0/5) D:13
 Depths (0/5) D:15

Altars:
Ashenzari
Cheibriados
Dithmenos
Fedhas
Kikubaaqudgha
Makhleb
Qazlal
Ru
Trog
Xom
The Shining One
Beogh
Jiyva

Shops:
D:8 [   D:9 [   Orc:2 =:[[

Annotations:
D:7 1 runed door IceCv baghtru's ghost, journeyman HOBe


Message History

Your skin crawls.
You feel resistant to hostile enchantments.
You feel slightly more hungry. Baghtru's ghost hits you!!!
* * * LOW HITPOINT WARNING * * *
A red film seems to cover your vision as you go berserk!
You feel yourself moving faster!
You feel mighty!
You feel somewhat more hungry.
The Ice Fiend calls on the powers of darkness!
Your body is wracked with pain!
* * * LOW HITPOINT WARNING * * *
Baghtru's ghost hits you.
* * * LOW HITPOINT WARNING * * *
You impale baghtru's ghost!!
Baghtru's ghost is lightly damaged.
You closely miss baghtru's ghost.
Baghtru's ghost is lightly damaged.
You hit baghtru's ghost but do no damage.
Baghtru's ghost is lightly damaged.
Baghtru's ghost hits you!!
You die...

## ####8####
#1......#
#W##'##.# #@#
!1# #.# W?# ##.#
??# ##
####..#####.8###
#......§§.......
#'######§######
# #.'.......'.#
###.8...8.###
#.'.......'.#


You could see an Ice Fiend and baghtru's ghost.

Vanquished Creatures
  Saint Roka (Orc:1)
  Nikola (Shoals:1)
  Rupert (D:12)
  The ghost of sonic the Eclecticist, an adept DEFE of Vehumet (Shoals:2)
  Louise (D:15)
  An orc warlord (Orc:1)
  3 frost giants (Shoals:4)
  Aizul (Shoals:2)
  The ghost of Gargoyl the Protected, a journeyman DsAK of Lugonu (Lair:4)
  3 merfolk impalers
  An ettin (Orc:1)
  2 fire dragons
  A merfolk javelineer (Shoals:2)
  4 vault guards (D:13)
  A minotaur (Lab)
  Josephine (Lair:5)
  An entropy weaver (Lair:6)
  The ghost of sinon the Cruncher, a journeyman TeGl of Fedhas (IceCv)
  A rakshasa (D:15)
  Harold (Lair:3)
  9 hydras
  Erolcha (D:11)
  3 ogre magi
  4 catoblepae
  2 merfolk avatars
  2 centaur warriors (D:14)
  3 satyrs
  4 merfolk aquamancers
  A death knight (D:14)
  2 death yaks (Lair:4)
  A tengu warrior (D:14)
  Sonja (D:10)
  8 unseen horrors
  A fire crab (Lair:6)
  2 deep trolls (Orc:2)
  7 sea snakes
  3 lindwurms (Lair:8)
  12 harpies
  10 hill giants
  5 orc knights
  A wolf spider zombie (D:13)
  7 griffons
  A wolf spider (Lair:6)
  A faun (Shoals:1)
  15 ugly things
  5 orc sorcerers
  4 manticores
  Maurice (Orc:2)
  A hornet (D:13)
  5 cyclopes
  6 sirens
  11 black mambas
  A naga mage (D:15)
  3 ice statues (IceCv)
  4 water nymphs
  A guardian serpent (shapeshifter) (D:14)
  6 torpor snails (Lair:8)
  18 spiny frogs
  6 gargoyles
  2 centaur skeletons
  6 ice devils (IceCv)
  7 komodo dragons
  A redback zombie (D:14)
  A kobold demonologist (D:15)
  2 rime drakes (Lair:8)
  4 anaconda simulacra (IceCv)
  A freezing wraith (D:15)
  2 jumping spiders
  3 giant leeches (Lair:8)
  9 two-headed ogres
  23 merfolk
  15 trolls
  A polar bear (Lair:8)
  6 wind drakes
  3 blink frogs (Lair:8)
  6 slime creatures
  5 snapping turtles
  A tarantella (Spider:1)
  Sigmund (D:3)
  A redback (Lair:6)
  A spriggan (Lair:6)
  4 shadows
  The ghost of SaintRoka the Sneak, an amateur SpTm (D:6)
  11 water elementals
  27 yaks
  A vampire (D:15)
  2 dire elephant simulacra (IceCv)
  7 wraiths
  A steam dragon (Lair:8)
  3 basilisks
  12 hippogriffs
  3 mottled dragons
  5 hungry ghosts
  15 vampire mosquitoes
  5 wargs
  3 soldier ants
  A harpy simulacrum (IceCv)
  An iron troll simulacrum (IceCv)
  A hydra simulacrum (IceCv)
  20 water moccasins
  Duvessa (D:4)
  7 wasps
  4 ice beasts
  9 porcupines
  2 sky beasts
  4 black bears
  29 orc warriors
  An ettin simulacrum (IceCv)
  An eye of draining (D:11)
  A swamp drake (D:10)
  A necrophage (D:6)
  4 phantoms
  A wolf (Lair:8)
  13 centaurs
  36 ogres
  10 crocodiles
  3 big kobolds
  13 giant frogs
  A wyvern zombie (D:14)
  Dowan (D:4)
  3 scorpions
  9 killer bees (D:9)
  A wight (D:13)
  2 howler monkeys
  3 electric eels (D:12)
  7 crimson imps
  2 giant frog zombies
  8 hounds
  7 centaur zombies
  3 jellies
  18 orc wizards
  15 orc priests
  2 giant frog skeletons
  8 iguanas
  8 worker ants
  2 hell rats (Lair:1)
  2 killer bee zombies
  12 sheep
  3 hound zombies
  A hound skeleton (D:11)
  A worker ant zombie (D:9)
  A howler monkey zombie (D:8)
  7 gnolls
  15 adders
  71 river rats
  4 shadow imps
  11 white imps
  An adder skeleton (D:4)
  24 worms
  2 dart slugs
  6 giant geckos
  83 orcs
  3 ball pythons
  13 bats
  5 giant cockroaches
  A hobgoblin (D:2)
  7 jackals
  2 quokkas
  A giant gecko skeleton (D:4)
  13 giant newts
  4 goblins
  22 kobolds
  12 rats
  A plant (Lair:8)
998 creatures vanquished.

Vanquished Creatures (collateral kills)
  An eye of draining (D:10)
1 creature vanquished.

Vanquished Creatures (others)
  A manticore (Shoals:2)
  A cyclops (D:12)
  A giant frog (D:9)
  An iguana (D:10)
  An orc (Orc:2)
  3 kobolds
  8 fungi
  10 plants
26 creatures vanquished.

Grand Total: 1025 creatures vanquished

Notes
Turn   | Place    | Note
--------------------------------------------------------------
     0 | D:1      | Kloppie the Merfolk Berserker began the quest for the Orb.
     0 | D:1      | Reached XP level 1. HP: 18/18 MP: 1/1
   255 | D:1      | Reached XP level 2. HP: 21/24 MP: 2/2
   449 | D:1      | Reached skill level 5 in Polearms
   660 | D:2      | Reached skill level 4 in Fighting
   660 | D:2      | Reached XP level 3. HP: 20/30 MP: 3/3
   673 | D:2      | Reached ** piety under Trog
  1421 | D:2      | Reached XP level 4. HP: 38/38 MP: 4/4
  1485 | D:2      | You fall through a shaft!
  1884 | D:2      | Found a burning altar of Makhleb.
  1895 | D:2      | Reached XP level 5. HP: 38/43 MP: 5/5
  1963 | D:3      | Reached skill level 5 in Fighting
  1974 | D:3      | Noticed Sigmund
  1996 | D:3      | Killed Sigmund
  1996 | D:3      | Reached XP level 6. HP: 7/52 MP: 6/6
  1999 | D:3      | HP: 2/52 [poisoned by Sigmund]
  2466 | D:3      | Reached *** piety under Trog
  2838 | D:4      | Reached skill level 6 in Fighting
  3117 | D:4      | Noticed Duvessa
  3117 | D:4      | Noticed Dowan
  3120 | D:4      | Found a glowing drain.
  3140 | D:4      | Killed Duvessa
  3140 | D:4      | Reached XP level 7. HP: 49/59 MP: 7/7
  3149 | D:4      | Killed Dowan
  3162 | Sewer    | Entered a sewer
  3991 | D:4      | Found an ancient bone altar of Kikubaaqudgha.
  4101 | D:4      | Reached **** piety under Trog
  4101 | D:4      | Reached skill level 7 in Fighting
  4105 | D:4      | Received a gift from Trog
  4284 | D:4      | Found a roughly hewn altar of Beogh.
  4366 | D:5      | Entered Level 5 of the Dungeon
  4366 | D:5      | Found a shimmering altar of Xom.
  4417 | D:5      | Reached XP level 8. HP: 51/67 MP: 8/8
  4648 | D:5      | Reached skill level 10 in Polearms
  4729 | D:5      | Found a blossoming altar of Fedhas.
  4812 | D:5      | Reached skill level 8 in Fighting
  5016 | D:6      | Found a stormy altar of Qazlal.
  5016 | D:6      | Found a snail-covered altar of Cheibriados.
  5017 | D:6      | Found a glowing golden altar of the Shining One.
  5303 | D:6      | Reached skill level 9 in Fighting
  5453 | D:6      | Found a sacrificial altar of Ru.
  5487 | D:6      | Noticed SaintRoka's ghost (amateur SpTm)
  5505 | D:6      | Killed SaintRoka's ghost
  5505 | D:6      | Reached XP level 9. HP: 76/76 MP: 9/9
  5524 | D:6      | Found a staircase to the Ecumenical Temple.
  6293 | D:7      | Reached skill level 10 in Fighting
  6375 | D:7      | Found a shadowy altar of Dithmenos.
  7061 | D:7      | Found a runed door.
  7708 | D:8      | Reached skill level 11 in Fighting
  7737 | D:8      | Reached skill level 5 in Dodging
  7756 | D:8      | Reached XP level 10. HP: 60/85 MP: 10/10
  7772 | D:8      | Reached skill level 1 in Shields
  7912 | D:8      | Found Puluxidd's Armour Shop.
  7915 | D:8      | Bought a +0 pair of boots for 45 gold pieces
  7915 | D:8      | Bought the +1 scale mail "Zaptaus" {rF+ Regen+ Int+2 Dex-2} for 230 gold pieces
  7915 | D:8      | Bought a +0 helmet for 45 gold pieces
  8995 | D:9      | Found a staircase to the Orcish Mines.
  9585 | D:9      | Found a shattered altar of Ashenzari.
  9618 | D:9      | Found a bloodstained altar of Trog.
  9858 | D:9      | Found Kiaph's Armour Boutique.
  9865 | D:9      | Bought a +1 pair of gloves for 149 gold pieces
 10193 | D:10     | Entered Level 10 of the Dungeon
 10267 | D:10     | Reached ***** piety under Trog
 10452 | D:10     | Noticed Sonja
 10529 | D:10     | Killed an unseen horror
 10877 | D:11     | Reached skill level 10 in Dodging
 10877 | D:11     | Reached XP level 11. HP: 77/91 MP: 11/11
 10982 | D:11     | Noticed a hill giant
 10995 | D:11     | Killed a hill giant
 11152 | D:11     | Killed an unseen horror
 11245 | D:11     | Noticed Erolcha
 11255 | D:11     | Killed Erolcha
 11255 | D:11     | Reached skill level 15 in Polearms
 12065 | D:12     | Noticed Rupert
 12109 | D:12     | Noticed a cyclops
 12120 | D:12     | Killed a cyclops
 12147 | D:12     | Killed Rupert
 12147 | D:12     | Reached XP level 12. HP: 80/100 MP: 12/12
 12986 | D:12     | HP: 4/150 [white ugly thing (19)]
 13600 | D:10     | Reached skill level 12 in Fighting
 13675 | D:10     | Found a staircase to the Lair.
 14015 | Lair:1   | Entered Level 1 of the Lair of Beasts
 15112 | Lair:2   | Reached skill level 13 in Fighting
 16262 | Lair:3   | Noticed Harold
 16277 | Lair:3   | Reached XP level 13. HP: 112/112 MP: 13/13
 16284 | Lair:3   | Killed Harold
 16284 | Lair:3   | Reached skill level 14 in Fighting
 16633 | Lair:3   | Found a staircase to the Shoals.
 17075 | Lair:4   | Reached skill level 15 in Fighting
 17095 | Lair:4   | Found a labyrinth entrance.
 17104 | Lab      | Entered a labyrinth
 17357 | Lab      | Noticed a minotaur
 17370 | Lab      | Killed a minotaur
 17656 | Lair:4   | Noticed Gargoyl's ghost (journeyman DsAK)
 17684 | Lair:4   | Killed Gargoyl's ghost
 17689 | Lair:4   | Got a citrine-encrusted ring mail
 17710 | Lair:4   | Identified the +5 ring mail of Dithmenos's Wrath {rF- Str+5} (You found it on level 4 of the Lair of Beasts)
 17829 | Lair:4   | Received a gift from Trog
 18102 | Lair:4   | Identified a scroll of acquirement
 18103 | Lair:4   | Got a scorched lajatang
 18104 | Lair:4   | Identified the +1 lajatang of Wojoud {elec, MR+} (You acquired it on level 4 of the Lair of Beasts)
 18368 | D:10     | Killed Sonja
 18389 | D:9      | Bought a +1 helmet of see invisible for 214 gold pieces
 18913 | Lair:5   | Reached skill level 5 in Armour
 19004 | Lair:6   | Noticed Josephine
 19025 | Lair:5   | Killed Josephine
 19159 | Lair:6   | Reached XP level 14. HP: 121/123 MP: 14/14
 19186 | Lair:6   | Found a hole to the Spider Nest.
 21108 | D:13     | Found a gate to the Vaults.
 21126 | D:13     | Got a fine copper amulet
 21139 | D:13     | Identified the amulet of Wienwema {Harm *Drain Int+2} (You found it on level 13 of the Dungeon)
 21482 | D:13     | Reached ****** piety under Trog
 21752 | D:14     | Received a gift from Trog
 21760 | D:14     | Reached skill level 10 in Armour
 21882 | D:14     | Found a flagged portal.
 21891 | Bailey   | Entered a bailey
 21974 | Bailey   | Reached XP level 15. HP: 120/130 MP: 15/15
 22114 | D:14     | Got a steaming trident
 22115 | D:14     | Identified the +8 trident of Raumn {pierce, Str+6} (You acquired it on level 14 of the Dungeon)
 22135 | D:14     | Reached skill level 16 in Fighting
 22428 | D:15     | Entered Level 15 of the Dungeon
 23177 | D:15     | Reached skill level 15 in Dodging
 23465 | D:15     | Found a blossoming altar of Fedhas.
 23521 | D:15     | Noticed Louise
 23543 | D:15     | Killed Louise
 23608 | D:15     | Paralysed by an orc sorcerer for 2 turns
 23646 | D:15     | HP: 4/132 [orc sorcerer/bolt of negative energy (35)]
 23748 | D:15     | Found a staircase to the Depths.
 24350 | Lair:8   | Entered Level 8 of the Lair of Beasts
 24514 | Lair:8   | Reached skill level 17 in Fighting
 24704 | Lair:8   | Found a runed door.
 24904 | Lair:8   | Received a gift from Trog
 25051 | Lair:8   | Found a staircase to the Slime Pits.
 25051 | Lair:8   | Found a viscous altar of Jiyva.
 25062 | Lair:8   | Received a gift from Trog
 25331 | Lair:8   | Reached XP level 16. HP: 141/141 MP: 16/16
 25371 | Lair:8   | Received a gift from Trog
 25397 | Lair:8   | Got an iridescent triple crossbow {god gift}
 26178 | Orc:1    | Entered Level 1 of the Orcish Mines
 26288 | Orc:1    | Reached skill level 5 in Shields
 26687 | Orc:2    | Entered Level 2 of the Orcish Mines
 26692 | Orc:2    | Noticed Saint Roka
 26712 | Orc:1    | Received a gift from Trog
 26784 | Orc:1    | Killed Saint Roka
 26929 | Orc:2    | Found a staircase to the Elven Halls.
 27117 | Orc:2    | Found a roughly hewn altar of Beogh.
 27214 | Orc:2    | Found a roughly hewn altar of Beogh.
 27310 | Orc:2    | Received a gift from Trog
 27357 | Orc:2    | Noticed Maurice
 27361 | Orc:2    | Found Joytroq's Antique Armour Shoppe.
 27369 | Orc:2    | Found Nooloyzu's Antique Armour Shoppe.
 27376 | Orc:2    | Killed Maurice
 27446 | Orc:2    | Reached skill level 18 in Fighting
 27551 | Orc:2    | Found Jaxudeon's Book Boutique.
 27553 | Orc:2    | Bought a crude cloak for 266 gold pieces
 27563 | Orc:2    | Identified the cursed +0 cloak of the Gods {*Contam rF++ Regen+ Dex+4} (You bought it in a shop on level 2 of the Orcish Mines)
 27567 | Orc:2    | Found Epnam Saiho's Jewellery Emporium.
 27592 | Orc:2    | Bought the ring of Conversion {rPois rN+++ Str+6 Dex-4 Stlth+} for 1021 gold pieces
 27592 | Orc:2    | Bought a cursed -2 ring of protection for 24 gold pieces
 27606 | Orc:2    | Bought an ichor-stained scale mail for 297 gold pieces
 27616 | Orc:2    | Identified the +1 scale mail "Sexyuqav" {-Tele rC+++ Str+7 Int-4} (You bought it in a shop on level 2 of the Orcish Mines)
 27991 | Shoals:1 | Entered Level 1 of the Shoals
 28446 | Shoals:1 | Noticed Nikola
 28462 | Shoals:1 | Killed Nikola
 28566 | Shoals:1 | Received a gift from Trog
 28566 | Shoals:1 | Reached skill level 10 in Shields
 28787 | Shoals:1 | Reached XP level 17. HP: 151/151 MP: 17/17
 29073 | Shoals:2 | Noticed sonic's ghost (adept DEFE)
 29088 | Shoals:2 | Killed sonic's ghost
 29185 | Shoals:2 | Noticed Aizul
 29218 | Shoals:2 | Killed Aizul
 29458 | Shoals:2 | HP: 7/151 [merfolk impaler/trident of freezing (2)]
 29716 | Shoals:2 | Reached skill level 19 in Fighting
 30778 | Shoals:4 | Entered Level 4 of the Shoals
 30849 | Shoals:3 | Received a gift from Trog
 31150 | Shoals:4 | Got a barnacled rune of Zot
 31287 | Spider:1 | Entered Level 1 of the Spider Nest
 31287 | Spider:1 | Found a frozen archway.
 31376 | Lair:6   | HP: 1/153 [entropy weaver (8)]
 31515 | IceCv    | Entered an ice cave
 31515 | IceCv    | Noticed sinon's ghost (journeyman TeGl)
 31576 | IceCv    | Killed sinon's ghost
 31955 | IceCv    | Noticed an Ice Fiend
 31956 | IceCv    | Noticed baghtru's ghost (journeyman HOBe)
 31970 | IceCv    | Mangled by baghtru's ghost

Skill      XL: |  1  2  3  4  5  6  7  8  9 10 11 12 13 14 15 16 17 |
---------------+----------------------------------------------------+-----
Polearms       | 5 6 7 8 9 11 13 14 16 17 | 17.1
Fighting       | 4 5 6 7 9 11 13 15 17 18 19 | 19.7
Dodging        | 5 10 13 16 | 16.8
Shields        | 4 10 12 | 12.1
Armour         | 6 10 | 10.3

Action                   |  1- 3 |  4- 6 |  7- 9 | 10-12 | 13-15 | 16-18 || total
-------------------------+-------+-------+-------+-------+-------+-------++-------
Melee: Spear             |   152 |   207 |   719 |   304 |       |       ||  1382
       Tailslap          |       |     3 |     1 |     5 |       |    19 ||    28
       Trident           |       |       |       |  1120 |   396 |       ||  1516
       Demon trident     |       |       |       |       |  1363 |  1354 ||  2717
Invok: Berserk           |     1 |     1 |     8 |    14 |     6 |     6 ||    36
       Trog's Hand       |       |     1 |     3 |    11 |     6 |     8 ||    29
       Brothers in Arms  |       |       |       |     3 |       |       ||     3
  Use: Potion            |       |     1 |       |     1 |       |     1 ||     3
       Scroll            |       |       |    12 |    12 |    17 |     7 ||    48
 Stab: Sleeping          |       |       |     1 |       |       |     2 ||     3
       Distracted        |       |       |     1 |       |       |     2 ||     3
       Petrified         |       |       |       |       |     2 |     1 ||     3
       Petrifying        |       |       |       |       |       |     2 ||     2
  Eat: Chunk             |     3 |     6 |    24 |    31 |    22 |    24 ||   110
       Meat ration       |       |       |       |     2 |     2 |     1 ||     5
       Royal jelly       |       |       |       |     1 |     4 |     1 ||     6
       Pizza             |       |       |       |     1 |     2 |       ||     3
Armor: Animal skin       |     3 |       |       |       |       |       ||     3
       Leather armour    |    23 |       |       |       |       |       ||    23
       Scale mail        |       |    51 |   112 |   360 |   283 |   139 ||   945
Dodge: Dodged            |    61 |    72 |   176 |   563 |   727 |   713 ||  2312
Block: Other             |       |       |    29 |    32 |       |       ||    61
       Buckler           |       |       |       |   283 |   383 |   449 ||  1115
       Reflection        |       |       |       |     7 |    20 |    30 ||    57
